General information
			
			
        
        - name: BNet
 
        - type: Ladder team game (AT/RT)
 
        - host: Battle.net
 
        - saver: Gobiner
 
        
map: SilverpineForest 
        - players: 6
 
        - length: 60:06
 
        - speed: Fast
 - version: 1.22 W3XP
 - replay type:  Public
 
» download(426 KB)
Players
        team 1 (winner) 
              
              
Gobiner (
purple | 60 APM | 3593 actions | 60:06)
              
 9 Blademaster 
 3 Wind Walk
 3 Critical Strike
 1 Bladestorm
 2 Mirror Image
 
                » actions 
                
                | Assign group hotkey | 32 |  | 
| Basic commands | 38 |  | 
| Build / train | 128 |  | 
| ESC pressed | 2 |  | 
| Enter build submenu | 73 |  | 
| Enter hero's abilities submenu | 9 |  | 
| Give item / drop item | 22 |  | 
| Right click | 1556 |  | 
| Select / deselect | 515 |  | 
| Select group hotkey | 751 |  | 
| Use ability | 467 |  | 
                3593 total
 » units 
                
                | Peon | 23 |  | 
| Troll Batrider | 48 |  | 
| Goblin Shredder | 1 |  | 
| Goblin Zeppelin | 1 |  | 
| Demolisher | 2 |  | 
                75 total
 » upgrades
                
                | Liquid Fire | 1 |  | 
| Ranged Weapons | 3 |  | 
| Armor | 3 |  | 
| Reinforced Defenses | 1 |  | 
| Spiked Barricades | 1 |  | 
| Troll Regeneration | 1 |  | 
| Burning Oil | 1 |  | 
                11 total
 » buildings
                
                | Altar of Storms | 2 |  | 
| Orc Burrow | 4 |  | 
| War Mill | 1 |  | 
| Voodoo Lounge | 3 |  | 
| Watch Tower | 61 |  | 
| Stronghold | 4 |  | 
| Fortress | 2 |  | 
| Beastiary | 2 |  | 
| Great Hall | 2 |  | 
| Barracks | 1 |  | 
                82 total
 » build order
                00:07 Altar of Storms
00:19 Orc Burrow
00:28 War Mill
01:25 Voodoo Lounge
01:41 Watch Tower
02:17 Watch Tower
02:32 Orc Burrow
02:48 Watch Tower
03:09 Watch Tower
03:34 Watch Tower
03:58 Watch Tower
04:05 Watch Tower
04:07 Watch Tower
05:04 Watch Tower
05:06 Watch Tower
05:16 Voodoo Lounge
05:36 Stronghold
05:37 Stronghold
05:37 Stronghold
05:55 Watch Tower
05:59 Watch Tower
06:35 Watch Tower
06:38 Watch Tower
07:00 Orc Burrow
07:02 Orc Burrow
07:20 Voodoo Lounge
08:11 Fortress
08:14 Beastiary
08:18 Beastiary
08:27 Watch Tower
09:53 Watch Tower
11:00 Watch Tower
11:02 Watch Tower
12:05 Watch Tower
12:06 Watch Tower
12:08 Watch Tower
12:36 Watch Tower
12:36 Watch Tower
13:53 Watch Tower
13:54 Watch Tower
14:05 Watch Tower
14:30 Great Hall
14:37 Watch Tower
14:37 Watch Tower
15:19 Watch Tower
15:20 Watch Tower
15:50 Watch Tower
15:50 Watch Tower
16:37 Watch Tower
16:37 Watch Tower
17:48 Watch Tower
18:34 Watch Tower
18:35 Watch Tower
18:36 Watch Tower
22:17 Watch Tower
22:17 Watch Tower
22:18 Watch Tower
22:19 Watch Tower
30:11 Altar of Storms
30:16 Great Hall
30:23 Watch Tower
30:24 Watch Tower
30:25 Watch Tower
30:26 Watch Tower
30:28 Watch Tower
30:32 Watch Tower
30:35 Watch Tower
30:38 Watch Tower
30:44 Watch Tower
31:22 Watch Tower
31:27 Watch Tower
31:30 Watch Tower
31:33 Watch Tower
31:36 Watch Tower
31:40 Watch Tower
31:42 Watch Tower
31:44 Watch Tower
31:47 Watch Tower
31:51 Watch Tower
36:16 Stronghold
36:25 Barracks
40:24 Fortress
» items
                
                | Lesser Clarity Potion | 9 |  | 
| Healing Salve | 5 |  | 
| Boots of Speed | 1 |  | 
| Staff of Teleportation | 1 |  | 
| Orb of Lightning | 1 |  | 
| Claws of Attack +12 | 2 |  | 
| Potion of Mana | 3 |  | 
| Potion of Lesser Invulnerability | 2 |  | 
                24 total
  
               
              
              
kunt.roII (
orange | 102 APM | 6158 actions | 60:05)
              
 8 Blood Mage 
 3 Flame Strike
 3 Siphon Mana
 1 Summon Phoenix
 1 Banish
 5 Naga Sea Witch 
 2 Frost Arrows
 3 Forked Lightning
 6 Dark Ranger 
 3 Silence
 2 Life Drain
 1 Charm
 
                » actions 
                
                | Assign group hotkey | 31 |  | 
| Basic commands | 304 |  | 
| Build / train | 177 |  | 
| ESC pressed | 1 |  | 
| Enter build submenu | 57 |  | 
| Enter hero's abilities submenu | 21 |  | 
| Give item / drop item | 18 |  | 
| Right click | 2272 |  | 
| Select / deselect | 454 |  | 
| Select group hotkey | 2403 |  | 
| Use ability | 420 |  | 
                6158 total
 » units 
                
                | Peasant | 29 |  | 
| Sorceress | 3 |  | 
| Priest | 14 |  | 
                46 total
 » upgrades
                
                | Masonry | 3 |  | 
| Lumber Harvesting | 2 |  | 
| Magic Sentry | 1 |  | 
| Sorceress Training | 2 |  | 
| Priest Training | 2 |  | 
                10 total
 » buildings
                
                | Altar of Kings | 1 |  | 
| Lumber Mill | 1 |  | 
| Farm | 5 |  | 
| Scout Tower | 77 |  | 
| Arcane Tower | 9 |  | 
| Guard Tower | 48 |  | 
| Town Hall | 1 |  | 
| Keep | 3 |  | 
| Castle | 4 |  | 
| Arcane Sanctum | 1 |  | 
| Arcane Vault | 2 |  | 
                152 total
 » build order
                00:11 Altar of Kings
00:29 Lumber Mill
00:35 Farm
01:04 Farm
01:06 Scout Tower
01:41 Arcane Tower
01:43 Scout Tower
01:56 Scout Tower
02:28 Guard Tower
02:28 Guard Tower
02:28 Guard Tower
02:43 Farm
03:18 Scout Tower
03:26 Town Hall
03:29 Guard Tower
03:30 Guard Tower
03:48 Guard Tower
03:50 Scout Tower
04:18 Scout Tower
04:20 Guard Tower
05:07 Keep
05:08 Keep
05:37 Scout Tower
05:38 Scout Tower
05:40 Scout Tower
05:41 Scout Tower
05:47 Guard Tower
05:48 Scout Tower
06:21 Guard Tower
06:21 Guard Tower
06:25 Scout Tower
06:28 Guard Tower
06:28 Guard Tower
06:28 Guard Tower
06:34 Arcane Tower
06:34 Arcane Tower
06:34 Arcane Tower
06:46 Arcane Tower
06:46 Arcane Tower
06:50 Scout Tower
06:52 Scout Tower
07:22 Scout Tower
07:23 Scout Tower
08:05 Castle
08:06 Castle
08:07 Guard Tower
08:09 Arcane Sanctum
08:36 Scout Tower
08:36 Scout Tower
08:37 Scout Tower
08:37 Scout Tower
08:38 Scout Tower
08:38 Scout Tower
08:41 Scout Tower
08:42 Scout Tower
09:10 Guard Tower
09:12 Scout Tower
09:13 Scout Tower
09:14 Scout Tower
09:14 Scout Tower
09:15 Scout Tower
09:15 Scout Tower
09:30 Guard Tower
09:30 Guard Tower
09:34 Scout Tower
09:35 Scout Tower
09:35 Scout Tower
09:36 Scout Tower
10:48 Arcane Tower
10:49 Guard Tower
10:52 Scout Tower
10:52 Scout Tower
11:28 Guard Tower
11:29 Guard Tower
11:31 Scout Tower
11:31 Scout Tower
12:31 Farm
12:32 Farm
12:34 Guard Tower
12:37 Scout Tower
12:38 Scout Tower
12:45 Arcane Vault
12:48 Guard Tower
14:24 Guard Tower
14:35 Guard Tower
14:35 Guard Tower
14:36 Guard Tower
15:22 Arcane Vault
15:26 Scout Tower
15:27 Scout Tower
15:27 Scout Tower
15:27 Scout Tower
15:27 Scout Tower
15:28 Scout Tower
18:36 Guard Tower
18:37 Guard Tower
18:40 Scout Tower
18:40 Scout Tower
18:40 Scout Tower
18:42 Scout Tower
18:42 Scout Tower
18:45 Scout Tower
18:45 Scout Tower
18:46 Scout Tower
18:46 Scout Tower
18:50 Scout Tower
18:51 Scout Tower
18:51 Scout Tower
18:52 Scout Tower
23:08 Guard Tower
23:08 Guard Tower
23:36 Scout Tower
23:36 Scout Tower
23:37 Scout Tower
23:38 Scout Tower
23:38 Scout Tower
23:39 Scout Tower
23:39 Scout Tower
23:42 Scout Tower
23:42 Scout Tower
23:43 Scout Tower
23:43 Scout Tower
23:44 Scout Tower
24:19 Guard Tower
24:19 Guard Tower
24:54 Guard Tower
24:57 Scout Tower
24:58 Scout Tower
24:58 Scout Tower
24:59 Scout Tower
25:00 Scout Tower
27:23 Guard Tower
27:23 Guard Tower
28:20 Guard Tower
» items
                
                | Staff of Teleportation | 3 |  | 
| Boots of Speed | 2 |  | 
| Lesser Clarity Potion | 5 |  | 
| Healing Salve | 1 |  | 
| Staff of Sanctuary | 6 |  | 
| Orb of Lightning | 2 |  | 
| Orb of Darkness | 1 |  | 
| Amulet of Spell Shield | 1 |  | 
| Staff of Silence | 2 |  | 
| Potion of Mana | 3 |  | 
| Pendant of Mana | 1 |  | 
| Khadgar's Gem of Health | 2 |  | 
                29 total
  
               
              
              
MrFrosty (
red | 97 APM | 5850 actions | 60:05)
              
 7 Archmage 
 3 Blizzard
 3 Brilliance Aura
 1 Mass Teleport
 7 Mountain King 
 3 Storm Bolt
 3 Bash
 1 Avatar
 5 Paladin 
 3 Holy Light
 2 Divine Shield
 
                » actions 
                
                | Assign group hotkey | 29 |  | 
| Basic commands | 78 |  | 
| Build / train | 145 |  | 
| Enter build submenu | 59 |  | 
| Enter hero's abilities submenu | 19 |  | 
| Give item / drop item | 12 |  | 
| Remove unit from queue | 2 |  | 
| Right click | 3292 |  | 
| Select / deselect | 892 |  | 
| Select group hotkey | 995 |  | 
| Use ability | 325 |  | 
                5850 total
 » units 
                
                | Peasant | 23 |  | 
| Priest | 5 |  | 
| Sorceress | 5 |  | 
| Flying Machine | 5 |  | 
| Mortar Team | 2 |  | 
                40 total
 » upgrades
                
                | Masonry | 3 |  | 
| Lumber Harvesting | 2 |  | 
| Magic Sentry | 1 |  | 
| Sorceress Training | 2 |  | 
| Priest Training | 2 |  | 
| Plating | 3 |  | 
| Gunpowder | 3 |  | 
| Flak Cannons | 1 |  | 
| Swords | 0 |  | 
| Fragmentation Shards | 1 |  | 
| Flare | 1 |  | 
                19 total
 » buildings
                
                | Altar of Kings | 1 |  | 
| Scout Tower | 51 |  | 
| Farm | 16 |  | 
| Lumber Mill | 1 |  | 
| Arcane Tower | 11 |  | 
| Guard Tower | 23 |  | 
| Town Hall | 2 |  | 
| Keep | 1 |  | 
| Arcane Sanctum | 1 |  | 
| Castle | 1 |  | 
| Arcane Vault | 1 |  | 
| Blacksmith | 1 |  | 
| Workshop | 3 |  | 
                113 total
 » build order
                00:09 Altar of Kings
00:20 Scout Tower
00:22 Farm
00:51 Lumber Mill
00:52 Arcane Tower
01:29 Farm
01:43 Scout Tower
02:11 Guard Tower
02:35 Scout Tower
03:02 Guard Tower
03:47 Scout Tower
03:48 Scout Tower
04:30 Arcane Tower
05:09 Arcane Tower
05:12 Scout Tower
05:15 Scout Tower
05:54 Arcane Tower
05:55 Guard Tower
05:58 Scout Tower
05:59 Scout Tower
06:00 Scout Tower
06:17 Scout Tower
06:20 Scout Tower
06:31 Arcane Tower
06:32 Guard Tower
06:34 Scout Tower
06:36 Scout Tower
06:37 Scout Tower
06:49 Guard Tower
07:16 Guard Tower
07:17 Scout Tower
07:46 Town Hall
07:47 Arcane Tower
07:53 Scout Tower
07:53 Scout Tower
07:54 Scout Tower
08:19 Keep
08:21 Farm
08:25 Arcane Tower
08:26 Guard Tower
08:48 Guard Tower
09:10 Farm
09:23 Scout Tower
10:08 Guard Tower
10:46 Arcane Sanctum
11:08 Scout Tower
11:15 Scout Tower
11:26 Castle
11:30 Scout Tower
11:31 Scout Tower
11:45 Arcane Tower
11:46 Guard Tower
11:49 Scout Tower
12:07 Arcane Tower
12:15 Scout Tower
12:16 Scout Tower
12:17 Scout Tower
12:42 Guard Tower
12:46 Scout Tower
12:47 Scout Tower
14:23 Guard Tower
14:32 Guard Tower
15:18 Arcane Vault
16:01 Scout Tower
16:02 Scout Tower
16:03 Scout Tower
16:32 Guard Tower
16:33 Guard Tower
19:57 Scout Tower
20:00 Scout Tower
20:01 Scout Tower
20:02 Scout Tower
20:02 Scout Tower
20:35 Arcane Tower
20:42 Guard Tower
20:43 Guard Tower
20:58 Guard Tower
23:45 Scout Tower
23:46 Scout Tower
23:50 Scout Tower
23:52 Scout Tower
23:53 Scout Tower
23:53 Scout Tower
23:54 Scout Tower
23:56 Scout Tower
23:57 Scout Tower
23:58 Guard Tower
24:46 Guard Tower
25:10 Town Hall
25:45 Farm
25:46 Farm
25:49 Guard Tower
27:04 Guard Tower
28:20 Scout Tower
28:21 Scout Tower
28:22 Scout Tower
28:23 Scout Tower
31:52 Arcane Tower
31:54 Guard Tower
36:53 Blacksmith
36:55 Farm
36:55 Farm
36:56 Farm
36:57 Farm
36:58 Farm
36:59 Farm
36:59 Farm
37:00 Farm
37:55 Farm
38:03 Workshop
38:06 Workshop
38:09 Workshop
38:45 Farm
» items
                
                | Boots of Speed | 3 |  | 
| Staff of Teleportation | 3 |  | 
| Healing Salve | 2 |  | 
| Lesser Clarity Potion | 1 |  | 
| Scroll of Speed | 1 |  | 
| Orb of Lightning | 3 |  | 
| Periapt of Vitality | 1 |  | 
| Staff of Sanctuary | 3 |  | 
| Mechanical Critter | 2 |  | 
| Khadgar's Gem of Health | 2 |  | 
| Warsong Battle Drums | 1 |  | 
| Ancient Janggo of Endurance | 1 |  | 
                23 total
  
               team 2 (loser) 
              
              
2xPower (
teal | 100 APM | 6029 actions | 60:05)
              
 4 Blademaster 
 2 Wind Walk
 2 Critical Strike
 3 Pandaren Brewmaster 
 2 Breath of Fire
 1 Drunken Brawler
 2 Shadow Hunter 
 1 Hex
 1 Healing Wave
 
                » actions 
                
                | Assign group hotkey | 93 |  | 
| Basic commands | 37 |  | 
| Build / train | 137 |  | 
| ESC pressed | 8 |  | 
| Enter build submenu | 77 |  | 
| Enter hero's abilities submenu | 10 |  | 
| Give item / drop item | 7 |  | 
| Remove unit from queue | 1 |  | 
| Right click | 2803 |  | 
| Select / deselect | 1185 |  | 
| Select group hotkey | 1334 |  | 
| Use ability | 337 |  | 
                6029 total
 » units 
                
                | Peon | 23 |  | 
| Troll Batrider | 41 |  | 
| Troll Witch Doctor | 11 |  | 
| Spirit Walker | 3 |  | 
| Shaman | 3 |  | 
| Tauren | 2 |  | 
                83 total
 » upgrades
                
                | Reinforced Defenses | 1 |  | 
| Witch Doctor Training | 2 |  | 
| Armor | 3 |  | 
| Ranged Weapons | 2 |  | 
| Shaman Training | 2 |  | 
| Spirit Walker Training | 2 |  | 
| Melee Weapons | 1 |  | 
| Pulverize | 1 |  | 
                14 total
 » buildings
                
                | Altar of Storms | 1 |  | 
| Orc Burrow | 8 |  | 
| War Mill | 1 |  | 
| Voodoo Lounge | 1 |  | 
| Watch Tower | 50 |  | 
| Stronghold | 1 |  | 
| Beastiary | 3 |  | 
| Fortress | 1 |  | 
| Great Hall | 1 |  | 
| Spirit Lodge | 1 |  | 
| Tauren Totem | 2 |  | 
                70 total
 » build order
                00:08 Altar of Storms
00:13 Orc Burrow
00:45 War Mill
01:16 Voodoo Lounge
02:00 Watch Tower
02:04 Orc Burrow
03:03 Watch Tower
03:05 Watch Tower
04:25 Stronghold
04:27 Watch Tower
05:12 Watch Tower
05:20 Watch Tower
05:45 Orc Burrow
06:30 Watch Tower
06:32 Watch Tower
06:42 Watch Tower
06:52 Watch Tower
07:27 Beastiary
07:39 Watch Tower
07:44 Watch Tower
08:00 Orc Burrow
08:02 Fortress
08:45 Watch Tower
08:56 Watch Tower
09:08 Watch Tower
09:27 Watch Tower
09:59 Watch Tower
10:32 Great Hall
10:35 Watch Tower
11:06 Watch Tower
11:17 Watch Tower
11:24 Beastiary
11:34 Watch Tower
12:39 Spirit Lodge
15:01 Watch Tower
18:33 Orc Burrow
22:24 Watch Tower
23:54 Beastiary
26:02 Tauren Totem
26:03 Tauren Totem
29:34 Orc Burrow
36:36 Watch Tower
36:37 Watch Tower
36:43 Watch Tower
36:52 Watch Tower
37:09 Watch Tower
37:19 Orc Burrow
37:47 Orc Burrow
38:41 Watch Tower
38:48 Watch Tower
38:50 Watch Tower
46:56 Watch Tower
47:02 Watch Tower
47:03 Watch Tower
47:05 Watch Tower
47:08 Watch Tower
47:09 Watch Tower
47:11 Watch Tower
47:16 Watch Tower
47:17 Watch Tower
47:18 Watch Tower
47:20 Watch Tower
47:22 Watch Tower
47:24 Watch Tower
47:55 Watch Tower
47:57 Watch Tower
47:59 Watch Tower
48:01 Watch Tower
48:03 Watch Tower
48:07 Watch Tower
» items
                
                | Healing Salve | 6 |  | 
| Lesser Clarity Potion | 2 |  | 
| Boots of Speed | 1 |  | 
| Staff of Teleportation | 1 |  | 
| Orb of Lightning | 3 |  | 
| Staff of Preservation | 2 |  | 
| Potion of Healing | 4 |  | 
| Potion of Mana | 3 |  | 
| Orb of Venom | 1 |  | 
| Scroll of Town Portal | 2 |  | 
                25 total
  
               
              
              
free-loss-adam (
green | 78 APM | 3726 actions | 47:53)
              
 3 Mountain King 
 2 Storm Bolt
 1 Bash
 3 Paladin 
 2 Holy Light
 1 Divine Shield
 2 Firelord 
 1 Soul Burn
 1 Incinerate
 
                » actions 
                
                | Assign group hotkey | 25 |  | 
| Basic commands | 13 |  | 
| Build / train | 140 |  | 
| ESC pressed | 1 |  | 
| Enter build submenu | 77 |  | 
| Enter hero's abilities submenu | 8 |  | 
| Give item / drop item | 1 |  | 
| Remove unit from queue | 2 |  | 
| Right click | 1642 |  | 
| Select / deselect | 681 |  | 
| Select group hotkey | 873 |  | 
| Use ability | 263 |  | 
                3726 total
 » units 
                
                | Peasant | 40 |  | 
| Gryphon Rider | 5 |  | 
| Dragonhawk Rider | 13 |  | 
| Goblin Shredder | 1 |  | 
                59 total
 » upgrades
                
                | Masonry | 3 |  | 
| Magic Sentry | 1 |  | 
| Cloud | 1 |  | 
| Storm Hammers | 1 |  | 
| Lumber Harvesting | 1 |  | 
| Armor | 1 |  | 
                8 total
 » buildings
                
                | Altar of Kings | 1 |  | 
| Farm | 10 |  | 
| Lumber Mill | 1 |  | 
| Scout Tower | 69 |  | 
| Arcane Tower | 12 |  | 
| Guard Tower | 24 |  | 
| Keep | 1 |  | 
| Arcane Sanctum | 1 |  | 
| Arcane Vault | 4 |  | 
| Town Hall | 1 |  | 
| Castle | 1 |  | 
| Gryphon Aviary | 3 |  | 
| Barracks | 1 |  | 
| Blacksmith | 1 |  | 
                130 total
 » build order
                00:09 Altar of Kings
00:36 Farm
00:51 Lumber Mill
01:08 Farm
01:11 Scout Tower
01:15 Scout Tower
01:40 Arcane Tower
02:00 Guard Tower
02:03 Scout Tower
02:07 Scout Tower
02:31 Guard Tower
02:31 Guard Tower
02:44 Scout Tower
02:45 Scout Tower
03:02 Scout Tower
03:27 Guard Tower
03:30 Guard Tower
03:35 Scout Tower
03:36 Scout Tower
03:37 Scout Tower
03:37 Scout Tower
03:38 Scout Tower
03:38 Scout Tower
03:59 Farm
04:51 Guard Tower
05:03 Scout Tower
05:04 Scout Tower
05:08 Scout Tower
05:09 Scout Tower
05:12 Guard Tower
05:25 Keep
06:10 Scout Tower
06:11 Scout Tower
06:12 Scout Tower
06:13 Scout Tower
06:28 Guard Tower
06:59 Guard Tower
07:06 Guard Tower
07:21 Scout Tower
07:22 Scout Tower
07:23 Scout Tower
08:14 Arcane Sanctum
08:26 Guard Tower
09:18 Scout Tower
09:19 Scout Tower
09:20 Scout Tower
09:41 Guard Tower
09:51 Arcane Tower
09:57 Arcane Vault
10:33 Scout Tower
10:33 Scout Tower
10:34 Scout Tower
10:34 Scout Tower
10:35 Scout Tower
10:35 Scout Tower
10:45 Arcane Vault
10:50 Town Hall
11:10 Scout Tower
11:11 Scout Tower
11:12 Guard Tower
11:17 Scout Tower
11:18 Scout Tower
11:18 Scout Tower
11:19 Scout Tower
11:19 Scout Tower
11:20 Scout Tower
11:35 Castle
11:51 Guard Tower
12:02 Guard Tower
12:04 Guard Tower
12:43 Guard Tower
12:47 Arcane Tower
13:17 Guard Tower
13:22 Guard Tower
14:09 Guard Tower
15:18 Arcane Vault
16:02 Gryphon Aviary
16:04 Barracks
16:07 Gryphon Aviary
16:12 Arcane Vault
17:56 Gryphon Aviary
18:47 Farm
18:48 Farm
18:48 Farm
18:49 Farm
18:50 Farm
19:09 Scout Tower
19:19 Scout Tower
19:20 Scout Tower
19:32 Farm
19:34 Farm
20:14 Arcane Tower
21:51 Scout Tower
21:52 Scout Tower
23:01 Scout Tower
23:18 Guard Tower
24:25 Arcane Tower
26:44 Arcane Tower
27:00 Scout Tower
27:01 Scout Tower
27:28 Arcane Tower
27:30 Arcane Tower
31:00 Scout Tower
31:01 Scout Tower
31:01 Scout Tower
31:02 Scout Tower
34:40 Arcane Tower
36:38 Blacksmith
37:45 Scout Tower
37:47 Scout Tower
37:48 Scout Tower
37:57 Scout Tower
38:26 Scout Tower
38:27 Scout Tower
38:44 Scout Tower
38:45 Scout Tower
38:47 Scout Tower
38:48 Scout Tower
38:49 Scout Tower
38:54 Guard Tower
39:31 Guard Tower
39:46 Guard Tower
39:48 Scout Tower
39:49 Scout Tower
39:50 Arcane Tower
39:56 Scout Tower
40:17 Arcane Tower
40:21 Scout Tower
40:21 Scout Tower
» items
                
                | Boots of Speed | 1 |  | 
| Staff of Teleportation | 1 |  | 
| Scroll of Regeneration | 3 |  | 
| Lesser Clarity Potion | 1 |  | 
| Ivory Tower | 7 |  | 
| Staff of Sanctuary | 3 |  | 
| Orb of Fire | 1 |  | 
| Scroll of Town Portal | 4 |  | 
| Dust of Appearance | 1 |  | 
                22 total
  
               
              
              
taydawg (
blue | 43 APM | 2589 actions | 60:05)
              
 7 Warden 
 3 Shadow Strike
 3 Blink
 1 Spirit of Vengeance
 
                » actions 
                
                | Assign group hotkey | 1 |  | 
| Basic commands | 4 |  | 
| Build / train | 81 |  | 
| ESC pressed | 5 |  | 
| Enter build submenu | 21 |  | 
| Enter hero's abilities submenu | 7 |  | 
| Give item / drop item | 3 |  | 
| Right click | 1690 |  | 
| Select / deselect | 639 |  | 
| Use ability | 138 |  | 
                2589 total
 » units 
                
                | Wisp | 23 |  | 
| Huntress | 3 |  | 
| Chimaera | 22 |  | 
| Mountain Giant | 1 |  | 
                49 total
 » upgrades
                
                | Strength of the Wild | 3 |  | 
| Reinforced Hides | 3 |  | 
| Nature's Blessing | 1 |  | 
| Well Spring | 1 |  | 
| Corrosive Breath | 1 |  | 
| Druid of the Claw Training | 1 |  | 
| Resistant Skin | 1 |  | 
| Hardened Skin | 1 |  | 
                12 total
 » buildings
                
                | Altar of Elders | 1 |  | 
| Moon Well | 7 |  | 
| Hunter's Hall | 1 |  | 
| Ancient of War | 2 |  | 
| Tree of Ages | 1 |  | 
| Ancient Protector | 2 |  | 
| Tree of Eternity | 1 |  | 
| Ancient of Wonders | 1 |  | 
| Ancient of Wind | 1 |  | 
| Tree of Life | 1 |  | 
| Chimaera Roost | 3 |  | 
| Ancient of Lore | 1 |  | 
                22 total
 » build order
                00:02 Altar of Elders
00:04 Moon Well
02:05 Hunter's Hall
02:08 Ancient of War
02:24 Moon Well
02:27 Ancient of War
03:21 Moon Well
03:42 Tree of Ages
05:02 Ancient Protector
06:14 Ancient Protector
06:57 Moon Well
07:48 Tree of Eternity
07:51 Ancient of Wonders
08:20 Ancient of Wind
09:07 Tree of Life
10:55 Chimaera Roost
12:08 Chimaera Roost
13:04 Chimaera Roost
14:00 Moon Well
14:54 Moon Well
20:35 Moon Well
30:39 Ancient of Lore
» items
                
                | Boots of Speed | 1 |  | 
| Staff of Teleportation | 1 |  | 
| Circlet of Nobility | 1 |  | 
| Scroll of Town Portal | 6 |  | 
| Staff of Preservation | 1 |  | 
                10 total
  
                Chat log
          (00:05 / All) kunt.roII: hello
(00:09 / All) 2xPower: Hi
(00:10 / All) taydawg: fuck off
(00:14 / All) kunt.roII:  ??
(00:15 / All) MrFrosty: we just beat someone named adam
(00:16 / All) kunt.roII: gl & hf
(00:20 / All) kunt.roII: oh yeah lol
(00:24 / All) MrFrosty: and he got real angry
(00:33 / All) free-loss-adam: i just beat ur mom
(00:36 / All) taydawg: stop talking
(00:38 / All) kunt.roII: O_____O
(00:39 / All) MrFrosty: congrats
(00:42 / All) Gobiner: manner please
(00:43 / All) MrFrosty: welcome to silverpine
(00:43 / All) free-loss-adam: and she screamed for mom
(00:49 / Allies) kunt.roII: for mom?
(00:52 / All) kunt.roII: formom
(00:54 / All) taydawg: fuck off purple
(00:56 / All) taydawg: faggot
(00:57 / All) 2xPower: I just beat your mom in the bum
(01:01 / All) free-loss-adam: fuck off blue
(01:06 / All) taydawg: Greeen
(01:12 / All) taydawg: I will skullfuck you
(01:22 / All) taydawg: and then piss
(01:24 / All) taydawg: on your skull
(01:25 / All) kunt.roII: u guys need to manner up
(01:31 / All) taydawg: u want manners?
(01:34 / All) free-loss-adam: I will piss inside ur mom's butt
(01:34 / All) taydawg: how bout this
(01:44 / All) taydawg: ill rape your sisters
(01:49 / All) kunt.roII: how many of em
(01:51 / All) taydawg: And while screaming slit their throats
(02:04 / All) kunt.roII: all of em?
(02:25 / All) MrFrosty: ive always wanted a sister so if thats what it takes to give me a sister do it
(02:55 / All) kunt.roII: omg
(02:58 / All) kunt.roII: towering is noob strategy
(03:05 / All) kunt.roII: plz dun waste our tiome..
(04:05 / Allies) kunt.roII: ugh
(04:55 / Allies) MrFrosty: \wadrem
(07:33 / Allies) MrFrosty: couple of exp for ou
(09:02 / Allies) MrFrosty: ignore
(14:19 / All) Gobiner: sorry we're a lot better that this than you
(20:32 / Allies) MrFrosty: critters going to shops
(21:03 / All) taydawg: u guys hacking?
(21:05 / All) Gobiner: ya
(21:08 / Allies) MrFrosty: spellshield if you want
(21:12 / All) taydawg: U know htey banning now?
(21:19 / All) kunt.roII: o shit
(21:51 / Allies) MrFrosty: w o w
(22:06 / Allies) MrFrosty: silence if you want
(22:16 / Allies) MrFrosty: i know
(22:50 / Allies) MrFrosty: owned
(26:32 / Allies) MrFrosty: big mana and command aura
(26:51 / Allies) MrFrosty: imo one of us should pick up command for big fights
(27:16 / Allies) MrFrosty: more big hp
(27:57 / Allies) MrFrosty: 1200 hp am
(28:08 / Allies) MrFrosty: lol
(29:25 / Allies) MrFrosty: least it was to towers
(29:27 / Allies) MrFrosty: not so bad
(29:43 / Allies) MrFrosty: massing loads of gold since they arent doing any real damage
(29:50 / Allies) MrFrosty: lol
(29:51 / Allies) MrFrosty: owned
(33:27 / Allies) MrFrosty: ugh
(35:09 / Allies) MrFrosty: lol
(35:49 / Allies) MrFrosty: endurance finally woot
(42:34 / All) kunt.roII: how much gold u got
(43:34 / All) kunt.roII: i got 15k
(43:39 / All) kunt.roII: lol
(43:43 / Allies) MrFrosty: gyros going
(46:11 / All) kunt.roII: LoL
(47:07 / Allies) MrFrosty: r a p e
(47:55 / All) kunt.roII: bye
(47:56 / All) MrFrosty: 2 e z
(47:58 / All) Gobiner: free win
(47:58 / All) Gobiner: thanks
(48:00 / All) MrFrosty: thanks
(48:50 / Allies) kunt.roII: haha
(48:52 / All) MrFrosty: thanks
(49:00 / All) taydawg: ?? your still  talking?
(49:00 / Allies) MrFrosty: 12 gyros owning so much
(49:04 / All) taydawg: u guys are dumbfucks
(49:12 / All) kunt.roII: hmm
(49:17 / All) kunt.roII: sorry your strat didnt work out so well
(49:19 / All) MrFrosty: i dont really have to concentrate too much to beat you and talk at the same time
(49:27 / All) taydawg: you guys are nubs
(49:32 / All) taydawg: i'd 1v1 any of you
(49:33 / All) Gobiner: lol u mad
(49:35 / All) MrFrosty: ok
(49:39 / All) taydawg: clan noac
(49:43 / All) MrFrosty: loll
(49:46 / All) MrFrosty: you noob again?
(49:47 / All) taydawg: be thre
(49:50 / All) taydawg: for now im afk
(49:55 / All) kunt.roII: for now
(49:56 / Allies) kunt.roII: aka
(49:58 / All) kunt.roII: aka dodge
(50:02 / All) taydawg: ??
(50:04 / All) taydawg: Sorry bro
(50:10 / All) taydawg: i gotta earn my 100k tomorrow
(50:14 / All) taydawg: u see
(50:15 / All) kunt.roII: lmao.
(50:21 / All) taydawg: when you graduate college with a masters
(50:26 / All) taydawg: u do something called work
(50:34 / All) MrFrosty: im sure you have had alot of dick sucking experience but i really doubt its worth 100k
(50:34 / All) Gobiner: also, you do something called losing
(50:46 / All) taydawg: you guys jealous?
(50:47 / All) MrFrosty: gl though
(50:49 / All) taydawg: of my wealth?
(50:57 / All) MrFrosty: hugely
(50:59 / All) kunt.roII: if it means being as stupid as you are
(50:59 / All) kunt.roII: no
(51:06 / All) taydawg: wish you could overlook SD bay from the 20th floor?
(51:11 / All) MrFrosty: ps. money doesnt buy you happiness
(51:15 / All) MrFrosty: or skill apparantly
(51:15 / All) Gobiner: laffo
(51:17 / All) taydawg: your an idiot
(51:18 / All) Gobiner: california sucks
(51:18 / All) Gobiner: sorry
(51:22 / All) taydawg: money buys all
(51:28 / All) Gobiner: except skills
(51:29 / All) kunt.roII: you're
(51:29 / All) Gobiner: apparently
(51:32 / All) MrFrosty: buy yourself a win
(51:32 / All) taydawg: you dont know shit about cali
(51:34 / All) taydawg: or the US bro
(51:41 / All) kunt.roII: lol?
(51:42 / All) Gobiner: I'm from Oregon, bitch.
(51:46 / All) taydawg: LOL!!!!!!!!!!!!!!
(51:47 / All) taydawg: omg
(51:48 / All) kunt.roII: i lived in cali before O_O
(51:52 / All) taydawg: you just owned yourself
(51:56 / All) taydawg: oregon!!!!!
(52:01 / All) taydawg: inbred fuck
(52:03 / All) Gobiner: west coast best coast (except shitty california)
(52:06 / All) taydawg: bunch of fucking hippies
(52:10 / All) kunt.roII: washington >>> california
(52:13 / All) taydawg: hmm SD blows away
(52:15 / All) taydawg: anything
(52:17 / All) Gobiner: everything >>> california
(52:18 / All) MrFrosty: ps nice hunts
(52:20 / All) MrFrosty: good use of food
(52:23 / All) taydawg: cold, snowy LOL
(52:35 / All) taydawg: oregon
(52:36 / All) taydawg: lol
(52:41 / All) taydawg: median salary 25k
(52:48 / All) Gobiner: I make triple the median then :)
(52:49 / Allies) MrFrosty: uhhhhhhhhhh
(52:52 / All) taydawg: people are garbage
(52:54 / All) taydawg: in OR
(52:58 / All) Gobiner: but at least it isn't california :)
(53:05 / All) taydawg: i throw OR with MT, ID and Nebraska
(53:13 / All) taydawg: what do you even know about cali?
(53:18 / All) Gobiner: you probably couldn't throw a paperclip, nerd
(53:21 / All) taydawg: i moved from Chicago, let me guess that sucks too?
(53:28 / All) kunt.roII: yeah it does actually
(53:31 / All) taydawg: dare to challenge me?
(53:45 / All) Gobiner: not a CHALLENGE!
(53:46 / All) taydawg: didnt think so
(53:54 / All) taydawg: all talk
(53:55 / All) MrFrosty: ps ive already said ill 1v1 you
(53:56 / All) Gobiner: FUCK I'M SCARED OF A CHALLENGE
(54:04 / All) taydawg: u should be scared
(54:07 / All) taydawg: being from OR
(54:15 / All) taydawg: break u in half
(54:16 / All) kunt.roII: OR
(54:20 / All) taydawg: with a blindfold
(54:21 / All) kunt.roII: OR
(54:31 / All) Gobiner: break my dick in half, maybe
(54:33 / All) Gobiner: with your mouth
(54:44 / All) taydawg: after i broke every finger maybe i would
(54:55 / All) taydawg: bunch of pussies
(54:57 / All) Gobiner: yes I'm sure you'd suck my fingers and dick
(55:06 / All) taydawg: probably little nerd computer gamers live with their parents
(55:15 / All) taydawg: easy to talk on a comp
(55:24 / All) kunt.roII: apparently it is
(55:25 / All) Gobiner: lol
(55:26 / All) Gobiner: u mad
(55:27 / All) taydawg: pray you would never run into me in real life
(55:35 / All) Gobiner: must be humiliating to lose
(55:36 / All) kunt.roII: or what
(55:50 / All) taydawg: use your imagination bro
(56:05 / All) taydawg: any of you play college football?
(56:08 / All) Gobiner: I don't have to imagine you losing
(56:09 / All) kunt.roII: LOL
(56:17 / All) MrFrosty: college football?????
(56:19 / All) taydawg: thats called a question
(56:31 / All) taydawg: didnt think so
(56:38 / All) Gobiner: why would I play a gay game?
(56:43 / All) taydawg: ????
(56:49 / All) taydawg: u live in america you dumb fuck
(56:52 / All) Gobiner: yes
(56:54 / All) Gobiner: football is gay
(56:55 / All) MrFrosty: i was pretty busy having sex in college
(56:57 / All) taydawg: its the national past time
(56:57 / All) Gobiner: a gay game for fags
(56:59 / All) taydawg: you fucking pussy
(57:00 / All) MrFrosty: have you ever done that?
(57:14 / All) taydawg: not gonna argue over whos fucked the most bitches
(57:18 / All) Gobiner: yes I fuck pussy, as opposed to what you fuck (nothing)
(57:30 / Allies) MrFrosty: every game has been hilarious
(57:37 / All) taydawg: gobiner you got a real self esteem issue bro
(57:47 / All) Gobiner: hey thanks for the free win :)
(57:49 / All) taydawg: parents beat you?
(57:52 / All) taydawg: or rape you  rather?
(58:02 / All) Gobiner: its okay you can move out of california, get some skills, come back to ladder
(58:04 / All) MrFrosty: your mother gets a bit rough when we ahve sex its true
(58:05 / All) kunt.roII: does it count if he enjoyed it
(58:07 / All) taydawg: just remember
(58:14 / All) taydawg: you can say whatever you want to on the computer
(58:18 / All) taydawg: but when your off
(58:23 / All) taydawg: remember how bad your life sucks
(58:26 / All) taydawg: at your hourly job
(58:31 / All) Gobiner: I'm salaried, bitch :)
(58:32 / All) taydawg: its called real life
(58:36 / All) kunt.roII: i heard california is so full of idiots it needs like a billion dollars from other states now (oregon, washington)
(58:48 / All) taydawg: dont talk about the economy 
(58:49 / All) taydawg: you dumbfuck
(58:53 / Allies) MrFrosty: hahaha
(58:54 / All) taydawg: you know nothing
(59:02 / All) taydawg: goto school first
(59:17 / All) taydawg: learn macro economics
(59:24 / All) kunt.roII: macro
(59:26 / All) MrFrosty: ps are you still up for the 1v1 or dodging?
(59:27 / All) kunt.roII: is that like in starcraft?
(59:29 / All) Gobiner: I learned in macroeconomics that california sucks dick
(59:36 / All) taydawg: what are you guys 14?
(59:45 / All) MrFrosty: im 11
(59:48 / All) Gobiner: nah I'm 34
(60:00 / All) MrFrosty: ps clan naoc be there
(60:04 / All) taydawg: what you playing with 11 year olds?